Map: Moonlight Madness LE (Void)

Players

DestroyBoy - Winner!

  • Race: Terran Terran
  • League: Platinum

IIIIIIIIIIII

  • Race: Protoss Protoss
  • League: Platinum

VOD

Have the link to the VOD?

Description

Time

  • Played on: Sept. 2, 2015, 2:28 a.m.
  • Length: 5:59
Show
View Real Time Build Order
Export as new Build Order

DestroyBoy Terran - Winner!

Build Orders: Siege Tank Drop 

Get SALT Encoding   

  12  0:01  SCV  
  13  0:13  SCV  
  14  0:18  Supply Depot  
  14  0:25  SCV  
  15  0:30  Refinery  
  15  0:40  SCV  
  16  0:46  Barracks  
  16  0:52  SCV  
  17  1:04  SCV  
  18  1:16  SCV  
  19  1:28  SCV  
  19  1:30  Refinery  
  20  1:33  Marine  
  20  1:36  Supply Depot  
  21  1:42  Factory  
  21  1:45  SCV  
  22  1:53  Marine  
  23  1:57  SCV  
  24  2:10  Engineering Bay  
  24  2:11  SCV  
  24  2:15  Marine  
  26  2:29  SCV  
  27  2:31  Factory Tech Lab  
  27  2:32  Starport  
  27  2:34  Marine  
  28  2:41  Orbital Command  
  28  2:49  Supply Depot  
  28  2:59  Widow Mine  
  28  3:01  Marine  
  31  3:12  Medivac  
  31  3:19  Marine  
  34  3:20  Supply Depot  
  34  3:28  Siege Tank  
  35  3:43  Viking  
  37  3:50  Marine  
  38  4:00  Cyclone  
  41  4:09  SCV  
  42  4:10  Marine  
  42  4:11  Supply Depot  
  43  4:27  SCV  
  44  4:32  Viking  
  44  4:34  Cyclone, Marine  
  50  4:40  SCV  
  50  5:03  SCV  
  50  5:04  Marine  
  50  5:05  Viking  
  54  5:13  Siege Tank  
  57  5:30  Marine  
  57  5:32  Command Center  
  53  5:45  SCV  
Show
View Real Time Build Order
Export as new Build Order

IIIIIIIIIIII Protoss 

Build Orders: Oracle Opening, Phoenix Opening 

Get SALT Encoding   

  12  0:01  Probe  
  13  0:13  Probe  
  14  0:20  Pylon  
  14  0:25  Probe  
  15  0:38  Probe  
  15  0:42  Gateway  
  16  0:47  Assimilator  
  16  0:51  Probe  
  16  0:52  Assimilator  
  17  1:03  Probe  
  18  1:16  Probe  
  19  1:18  Pylon  
  19  1:28  Probe  
  19  1:29  Cybernetics Core  
  20  1:40  Probe  
  21  1:48  Pylon  
  21  1:52  Probe  
  22  2:07  Stargate  
  22  2:08  Adept  
  24  2:15  Probe  
  25  2:27  Probe  
  26  2:33  Nexus  
  26  2:41  Mothership Core  
  28  2:46  Warp Gate  
  28  2:50  Oracle  
  31  3:00  Adept  
  31  3:05  Probe  
  34  3:17  Probe  
  35  3:22  Pylon  
  35  3:28  Robotics Facility  
  35  3:29  Probe  
  33  3:42  Phoenix  
  33  3:43  Probe  
  36  3:49  Stalker  
  38  4:01  Probe  
  39  4:03  Probe  
  40  4:13  Probe  
  40  4:15  Probe  
  42  4:25  Probe  
  42  4:27  Observer  
  42  4:28  Probe  
  45  4:32  Gateway  
  45  4:34  Gateway  
  45  4:37  Probe  
  46  4:40  Probe  
  47  4:47  Forge  
  47  4:48  Observer  
  47  4:49  Probe  
  47  4:52  Probe  
  47  5:06  Probe, Adept  
  48  5:07  Probe  
  48  5:09  Pylon  
  49  5:21  Probe  
  52  5:29  Adept x2  
  52  5:44  Adept  
  52  5:45  Probe x2  
  50  5:55  Adept  
Tags
 
Add a new tag
Caveats
  • Supply blocks, unpowered buildings, or Contaminate may cause inaccurate times.
  • Supply counts are checked every 10 seconds.